 Dungeon Crawl Stone Soup version 0.31-a0-841-g038b102fc3 (webtiles) character file.

Game seed: 15573972925313226332

72 randomguy2701 the Spear-Bearer (level 4, 0/38 HPs)
             Began as a Gnoll Wanderer on Sept 27, 2023.
             Slain by a quokka (1 damage)
             ... on level 2 of the Dungeon.
             The game lasted 00:03:06 (1914 turns).

randomguy2701 the Spear-Bearer (Gnoll Wanderer)     Turns: 1914, Time: 00:03:08

Health: 0/38       AC:  4    Str:  9    XL:     4   Next: 25%
Magic:  8/8        EV: 11    Int:  8    God:
Gold:   175        SH:  0    Dex: 19    Spells: 9/9 levels left

rFire   . . .        a - +2 spear
rCold   . . .        (no shield)
rNeg    . . .        e - +0 leather armour
rPois   .            c - +0 helmet
rElec   .            (no cloak)
rCorr   .            (no gloves)
SInv    .            (no boots)
Will    .....        q - amulet of regeneration
Stlth   +++          (no ring)
HPRegen 1.06/turn    (no ring)
MPRegen 0.11/turn

%: no passive effects
@: no status effects
A: fangs 1, strong nose, distributed training
a: no special abilities


You were on level 2 of the Dungeon.
You visited 1 branch of the dungeon, and saw 3 of its levels.

You collected 175 gold pieces.

Inventory:

Hand Weapons
 a - a +2 spear (weapon)
Armour
 c - a +0 helmet (worn)
 e - a +0 leather armour (worn)
Jewellery
 q - an amulet of regeneration (around neck)
 r - a ring of magical power
 t - an amulet of guardian spirit
Scrolls
 f - a scroll of identify {unknown}
 g - 2 scrolls of teleportation {unknown}
 k - 2 scrolls of blinking {unknown}
 l - a scroll of fog {unknown}
 n - a scroll of revelation {unknown}
 o - a scroll of enchant weapon {unknown}
 p - a scroll of summoning {unknown}
 s - a scroll of poison {unknown}
Potions
 b - 5 potions of curing
 d - a potion of haste
 h - a potion of brilliance {unknown}
 i - a potion of attraction {unknown}
 j - a potion of ambrosia {unknown}
 m - 2 potions of might {unknown}


   Skills:
 + Level 4.6 Fighting
 + Level 1.1 Short Blades
 + Level 1.1 Long Blades
 + Level 1.1 Axes
 + Level 1.1 Maces & Flails
 + Level 8.5 Polearms
 + Level 1.1 Staves
 + Level 1.1 Ranged Weapons
 + Level 1.1 Throwing
 + Level 1.1 Armour
 + Level 1.1 Dodging
 + Level 6.0 Stealth
 + Level 1.1 Shields
 + Level 1.1 Unarmed Combat
 + Level 3.0 Spellcasting
 + Level 0.8 Conjurations
 + Level 0.8 Hexes
 + Level 0.8 Summonings
 + Level 0.8 Necromancy
 + Level 0.8 Translocations
 + Level 0.8 Transmutations
 + Level 0.8 Fire Magic
 + Level 0.8 Ice Magic
 + Level 0.8 Air Magic
 + Level 0.8 Earth Magic
 + Level 0.8 Poison Magic
 + Level 1.2 Invocations
 + Level 1.1 Evocations
 + Level 1.0 Shapeshifting


You had 9 spell levels left.
You didn't know any spells.
Your spell library was empty.

Dungeon Overview and Level Annotations

Branches:
Dungeon (3/15)

Altars:
Nemelex Xobeh


Innate Abilities, Weirdness & Mutations

You have very sharp teeth.
Your uncanny sense of smell can sniff out nearby items.
Your experience applies equally to all skills.


Message History

You hit the quokka. You bite the quokka.
The quokka is heavily wounded.
The orc closely misses you. The quokka barely misses you.
You bump into the rock wall.
The orc wizard closely misses you. The orc hits you but does no damage.
The quokka bites you.
The orc wizard hits you with a +0 dagger.
The orc attacks as it pursues you! The orc hits you with a +0 falchion.
The quokka bites you.
The orc wizard gestures at you while chanting.
The puff of flame hits you. The quokka bites you.
The orc wizard points at you and mumbles some strange words.
You are more confused.
The quokka bites you.
* * * LOW HITPOINT WARNING * * *
You hit the orc wizard. Your punch misses the orc wizard.
The orc wizard is severely wounded.
The orc hits you with a +0 falchion.
* * * LOW HITPOINT WARNING * * *
The orc wizard closely misses you.
You bump into the rock wall.
The quokka bites you.
* * * LOW HITPOINT WARNING * * *
The orc hits you with a +0 falchion.
* * * LOW HITPOINT WARNING * * *
The orc wizard hits you but does no damage.
The quokka bites you.
* * * LOW HITPOINT WARNING * * *
You feel better. The orc hits you with a +0 falchion.
* * * LOW HITPOINT WARNING * * *
The orc wizard casts a spell at you. You resist with some effort.
The quokka bites you but does no damage.
You barely miss the orc wizard.
The orc wizard is severely wounded.
The orc closely misses you.
The orc wizard gestures at you while chanting.
The magic dart hits you.
* * * LOW HITPOINT WARNING * * *
The quokka bites you.
You die...

#.<.....# #.............
#.####..# #.########.### #.#
##..# ##'## #.# # #.###...#
##...## #.### #.......# ##.....##
#.... #####.#.## ##...<...##
##.##
########....####>........####....
...............'or.......'.......
########....####@o.......####....
# #.....# ##.......## #..... ##
#####.# ##.....## #.#... .## #.#
##...######.#.## #.## #.#
####......##.#... ##.#
#####.####.##.####.##...#. #.##
#.........#.#.# #.##.#.#. .##
#.###.##.###..####.##.#.## ## #.#
#...## ##).#..........


You could see an orc wizard, an orc and a quokka.

Vanquished Creatures
  2 adders
  2 worms
  2 dart slugs
  8 bats
  2 endoplasms (D:1)
  2 giant cockroaches
  A hobgoblin (D:1)
  2 jackals (D:3)
  2 quokkas (D:2)
  5 ball pythons
  2 frilled lizards
  5 goblins
  7 kobolds
  2 rats
44 creatures vanquished.

Vanquished Creatures (others)
  An angel (D:3)
1 creature vanquished.

Grand Total: 45 creatures vanquished

Notes
Turn   | Place    | Note
-------+----------+-------------------------------------------
     0 | D:1      | randomguy2701 the Gnoll Wanderer began the quest for the
                  | Orb.
     0 | D:1      | randomguy2701 set off with the following items: a +2 spear,
                  | a potion of curing, a +0 helmet, a potion of haste, a +0
                  | leather armour.
     0 | D:1      | Reached XP level 1. HP: 20/20 MP: 4/4
   152 | D:1      | Reached XP level 2. HP: 21/26 MP: 5/5
   251 | D:1      | Found a faded altar of an unknown god.
   965 | D:2      | Reached XP level 3. HP: 31/31 MP: 7/7
  1129 | D:2      | Reached skill level 1 in Invocations
  1569 | D:3      | Found a sparkling altar of Nemelex Xobeh.
  1587 | D:3      | Reached skill level 1 in Short Blades
  1587 | D:3      | Reached skill level 1 in Long Blades
  1587 | D:3      | Reached skill level 1 in Axes
  1587 | D:3      | Reached skill level 1 in Maces & Flails
  1587 | D:3      | Reached skill level 1 in Staves
  1587 | D:3      | Reached skill level 1 in Ranged Weapons
  1587 | D:3      | Reached skill level 1 in Throwing
  1587 | D:3      | Reached skill level 1 in Armour
  1587 | D:3      | Reached skill level 1 in Dodging
  1587 | D:3      | Reached skill level 1 in Shields
  1587 | D:3      | Reached skill level 1 in Unarmed Combat
  1587 | D:3      | Reached skill level 1 in Evocations
  1766 | D:3      | Reached XP level 4. HP: 30/38 MP: 8/8
  1771 | D:3      | Reached skill level 1 in Shapeshifting
  1858 | D:3      | Killed an angel
  1912 | D:2      | HP: 1/38 [quokka (1)]
  1914 | D:2      | Slain by a quokka

Illustrated notes

Levels and vault maps discovered:
D:1:      lightli_arrival_statuegarden, layout_loops_ring, serial_forest,
          infiniplex_forest_straight_2, infiniplex_forest_clump_diagonal,
          infiniplex_forest_clump_small, infiniplex_forest_zigzag_1,
          basic_ecumenical_altar
D:2:      layout_loops_corners, minmay_misc_feat_roman
D:3:      cheibrodos_pilgrimage, layout_rooms,
          grunt_temple_overflow_order_and_chaos_1, amcnicky_altar_gilded,
          mainiacjoe_overflow_concentric_impassable, portal_sewer_entry_e

Skill      XL: |  1  2  3  4 |
---------------+-------------+-----
Stealth        | 6 |  6.0
Invocations    | 1 |  1.2
Short Blades   | 1 |  1.1
Long Blades    | 1 |  1.1
Axes           | 1 |  1.1
Maces & Flails | 1 |  1.1
Staves         | 1 |  1.1
Ranged Weapons | 1 |  1.1
Throwing       | 1 |  1.1
Armour         | 1 |  1.1
Dodging        | 1 |  1.1
Shields        | 1 |  1.1
Unarmed Combat | 1 |  1.1
Evocations     | 1 |  1.1
Spellcasting   | 3 |  3.0
Shapeshifting  | 1 |  1.0
Fighting       | |  4.6
Polearms       | |  8.5
Conjurations   | |  0.8
Hexes          | |  0.8
Summonings     | |  0.8
Necromancy     | |  0.8
Translocations | |  0.8
Transmutations | |  0.8
Fire Magic     | |  0.8
Ice Magic      | |  0.8
Air Magic      | |  0.8
Earth Magic    | |  0.8
Poison Magic   | |  0.8

Action                     |  1- 3 |  4- 6 || total
---------------------------+-------+-------++-------
  Melee: Spear             |   126 |    24 ||   150
         Bite              |     8 |     4 ||    12
         Punch             |       |     1 ||     1
    Use: Potion            |       |     1 ||     1
   Stab: Sleeping          |    17 |       ||    17
         Distracted        |       |     1 ||     1
 Armour: Leather armour    |    44 |    33 ||    77
  Dodge: Dodged            |    49 |    23 ||    72

Table legend: (Time is in decaauts)
 A = Elapsed time spent in this place.
 B = Non-inter-level travel time spent in this place.
 C = Inter-level travel time spent in this place.
 D = Time resting spent in this place.
 E = Time spent auto-exploring this place.
 F = Levels seen in this place.
 G = Mean time per level.
                   A        B        C        D        E       F      G
               +--------+--------+--------+--------+--------+-----+--------+
         Total |   1866 |   1808 |     58 |      0 |   1377 |   3 |  622.0 |
       Dungeon |   1866 |   1808 |     58 |      0 |   1377 |   3 |  622.0 |
               +--------+--------+--------+--------+--------+-----+--------+

Top non-repeatable levels by time:
     D:2: 913 daAuts
     D:1: 750 daAuts
     D:3: 201 daAuts
